Workbook

Sheet Verificación Financiera
A1: INSTITUTO DISTRITAL DE PROTECCIÓN Y BIENESTAR ANIMAL SELECCIÓN ABREVIADA POR SUBASTA INVERSA ELECTÓNICA No. SASI-003-2026
A3: VERIFICACIÓN PRELIMINAR INDICADORES FINANCIEROS
A5: Indicador | B5: Umbral | C5: Regla
A6: Liquidez | B6: 1.46 | C6: >=
A7: Nivel de endeudamiento | B7: 0.59 | C7: <=
A8: Razón de cobertura de intereses | B8: 1.43 | C8: >=
A9: Capital de trabajo ($) Mayor al 50% del valor del presupuesto oficial | B9: =750381000/2 -> 375190500 | C9: >=
A10: Rentabilidad del patrimonio | B10: 0.04 | C10: >=
A11: Rentabilidad del activo | B11: 0.02 | C11: >=
A13: PROPONENTE | B13: FECHA DE LA ÚLTIMA RENOVACIÓN EN EL RUP | C13: FECHA EXPEDICCIÓN RUP | D13: RESULTADO INDICADORES FINANCIEROS | E13: RESULTADO VERIFICACIÓN FINANCIERA PRELIMINAR
A14: TRANSABANA | B14: 45786 | C14: 46094 | D14: NO CUMPLE | E14: NO HABILITADO. No cumple con el requisito de liquidez. Subanar. El RUP aportado registra última renovación 09/05/2025. Con el documento allegado no se acredita renovación correspondiente a 2026; no es posible efectuar validación integral de la capacidad financiera y organizacional.
A15: UT IBPDA JHS LIDERTUR 2026 | B15: 45772 | C15: 46099 | D15: CUMPLE | E15: Subanar. El RUP aportado registra última renovación 25/04/2025. Con el documento allegado no se acredita renovación correspondiente a 2026; no es posible efectuar validación integral de la capacidad financiera y organizacional.
A16: TRANSPORTES ESPECIALES FSG SAS | B16: 45769 | C16: 46119 | D16: CUMPLE | E16: Subanar. El RUP aportado registra última renovación 22/04/2025. Con el documento allegado no se acredita renovación correspondiente a 2026; no es posible efectuar validación integral de la capacidad financiera y organizacional.
A17: UNION TEMPORAL PROTECCIÓN ANIMAL TM (TAE + MQ) | B17: 46080 | C17: 46108 | D17: CUMPLE | E17: HABILITADO.
A19: Conclusión
A20: La verificación preliminar de la capacidad financiera y organizacional se realizó con base en la información contenida en el Registro Único de Proponentes – RUP aportado por cada proponente. En los casos en que el documento allegado no acredita renovación correspondiente a la vigencia 2026 o no fue aportado, no fue posible efectuar la validación integral de los indicadores financieros y organizacionales, razón por la cual el resultado se reporta como pendiente de subsanar, sin perjuicio de la verificación definitiva que corresponda dentro del término de subsanación previsto en el proceso.
A25: Comité Evaluador Financiero:
A28: MARIO FERNANDO SOTO MONCAYO – CONTRATISTA SCCGC

Sheet Indicadores Financieros
A1: EVALUACIÓN DE INDICADORES FINANCIEROS Y CAPACIDAD ORGANIZACIONAL
A3: Proponente | B3: Activo Corriente ($) | C3: Pasivo Corriente ($) | D3: Activo Total ($) | E3: Pasivo Total ($) | F3: Patrimonio ($) | G3: Utilidad Operacional ($) | H3: Gastos de Intereses ($) | I3: Capital de Trabajo ($) | J3: Liquidez | K3: Nivel de Endeudamiento | L3: Razón Cobertura Intereses | M3: Rentabilidad del Patrimonio | N3: Rentabilidad del Activo | O3: Capital de Trabajo | P3: Liquidez | Q3: Endeudamiento | R3: Cobertura | S3: ROE | T3: ROA | U3: Resultado Final
A4: AGROFACIL S.A.S. | B4: 4338953069 | C4: 1943561993 | D4: 4675655200 | E4: 1943561993 | F4: 2371493207 | G4: 862166711 | H4: 162098820 | I4: =IF(OR(B4="",C4=""),"",B4-C4) -> 2395391076 | J4: =IF(OR(B4="",C4="",C4=0),"",B4/C4) -> 2.2324747 | K4: =IF(OR(D4="",E4="",D4=0),"",E4/D4) -> 0.41567693 | L4: =IF(OR(G4="",H4=""),"",IF(H4=0,IF(G4>0,999999,0),G4/H4)) -> 5.3187723 | M4: =IF(OR(G4="",F4="",F4=0),"",G4/F4) -> 0.36355437 | N4: =IF(OR(G4="",D4="",D4=0),"",G4/D4) -> 0.18439484 | O4: =IF(I4="","",IF(I4>='Verificación Financiera'!$B$9,"CUMPLE","NO CUMPLE")) -> CUMPLE | P4: =IF(J4="","",IF(J4>='Verificación Financiera'!$B$6,"CUMPLE","NO CUMPLE")) -> CUMPLE | Q4: =IF(K4="","",IF(K4<='Verificación Financiera'!$B$7,"CUMPLE","NO CUMPLE")) -> CUMPLE | R4: =IF(L4="","",IF(L4>='Verificación Financiera'!$B$8,"CUMPLE","NO CUMPLE")) -> CUMPLE | S4: =IF(M4="","",IF(M4>='Verificación Financiera'!$B$10,"CUMPLE","NO CUMPLE")) -> CUMPLE | T4: =IF(N4="","",IF(N4>='Verificación Financiera'!$B$11,"CUMPLE","NO CUMPLE")) -> CUMPLE | U4: =IF(COUNTA(A4:H4)=0,"",IF(AND(O4="CUMPLE",P4="CUMPLE",Q4="CUMPLE",R4="CUMPLE",S4="CUMPLE",T4="CUMPLE"),"HABILITADO","NO HABILITADO")) -> HABILITADO
A5: TRANSABANA | B5: 9336680104 | C5: 7085176570 | D5: 24979281396 | E5: 13227930156 | F5: 11751351240 | G5: 5310825761 | H5: 1081244812 | I5: =+B5-C5 -> 2251503534 | J5: =IF(OR(B5="",C5="",C5=0),"",B5/C5) -> 1.3177766 | K5: =IF(OR(D5="",E5="",D5=0),"",E5/D5) -> 0.52955607 | L5: =IF(OR(G5="",H5=""),"",IF(H5=0,IF(G5>0,999999,0),G5/H5)) -> 4.9117699 | M5: =IF(OR(G5="",F5="",F5=0),"",G5/F5) -> 0.4519332 | N5: =IF(OR(G5="",D5="",D5=0),"",G5/D5) -> 0.21260923 | O5: =IF(I5="","",IF(I5>='Verificación Financiera'!$B$9,"CUMPLE","NO CUMPLE")) -> CUMPLE | P5: =IF(J5="","",IF(J5>='Verificación Financiera'!$B$6,"CUMPLE","NO CUMPLE")) -> NO CUMPLE | Q5: =IF(K5="","",IF(K5<='Verificación Financiera'!$B$7,"CUMPLE","NO CUMPLE")) -> CUMPLE | R5: =IF(L5="","",IF(L5>='Verificación Financiera'!$B$8,"CUMPLE","NO CUMPLE")) -> CUMPLE | S5: =IF(M5="","",IF(M5>='Verificación Financiera'!$B$10,"CUMPLE","NO CUMPLE")) -> CUMPLE | T5: =IF(N5="","",IF(N5>='Verificación Financiera'!$B$11,"CUMPLE","NO CUMPLE")) -> CUMPLE | U5: =IF(COUNTA(A5:H5)=0,"",IF(AND(O5="CUMPLE",P5="CUMPLE",Q5="CUMPLE",R5="CUMPLE",S5="CUMPLE",T5="CUMPLE"),"HABILITADO","NO HABILITADO")) -> NO HABILITADO
A6: LINDERTUR | B6: 12226627737 | C6: 3434758249 | D6: 20701815190 | E6: 7298937356 | F6: 13402877834 | G6: 2715228847 | H6: 122759308 | I6: =+B6-C6 -> 8791869488 | J6: =IF(OR(B6="",C6="",C6=0),"",B6/C6) -> 3.5596764 | K6: =IF(OR(D6="",E6="",D6=0),"",E6/D6) -> 0.35257475 | L6: =IF(OR(G6="",H6=""),"",IF(H6=0,IF(G6>0,999999,0),G6/H6)) -> 22.118313 | M6: =IF(OR(G6="",F6="",F6=0),"",G6/F6) -> 0.20258551 | N6: =IF(OR(G6="",D6="",D6=0),"",G6/D6) -> 0.13115897 | O6: =IF(I6="","",IF(I6>='Verificación Financiera'!$B$9,"CUMPLE","NO CUMPLE")) -> CUMPLE | P6: =IF(J6="","",IF(J6>='Verificación Financiera'!$B$6,"CUMPLE","NO CUMPLE")) -> CUMPLE | Q6: =IF(K6="","",IF(K6<='Verificación Financiera'!$B$7,"CUMPLE","NO CUMPLE")) -> CUMPLE | R6: =IF(L6="","",IF(L6>='Verificación Financiera'!$B$8,"CUMPLE","NO CUMPLE")) -> CUMPLE | S6: =IF(M6="","",IF(M6>='Verificación Financiera'!$B$10,"CUMPLE","NO CUMPLE")) -> CUMPLE | T6: =IF(N6="","",IF(N6>='Verificación Financiera'!$B$11,"CUMPLE","NO CUMPLE")) -> CUMPLE | U6: HABILITADO
A7: TRANSPORTES ESPECIALES FSG SAS | B7: 28146430797 | C7: 6915492191 | D7: 34419239414 | E7: 18695841512 | F7: 15723397902 | G7: 5649029902 | H7: 98755325 | I7: =+B7-C7 -> 21230938606 | J7: =IF(OR(B7="",C7="",C7=0),"",B7/C7) -> 4.0700546 | K7: =IF(OR(D7="",E7="",D7=0),"",E7/D7) -> 0.54317997 | L7: =IF(OR(G7="",H7=""),"",IF(H7=0,IF(G7>0,999999,0),G7/H7)) -> 57.202282 | M7: =IF(OR(G7="",F7="",F7=0),"",G7/F7) -> 0.35927539 | N7: =IF(OR(G7="",D7="",D7=0),"",G7/D7) -> 0.16412419 | O7: =IF(I7="","",IF(I7>='Verificación Financiera'!$B$9,"CUMPLE","NO CUMPLE")) -> CUMPLE | P7: =IF(J7="","",IF(J7>='Verificación Financiera'!$B$6,"CUMPLE","NO CUMPLE")) -> CUMPLE | Q7: =IF(K7="","",IF(K7<='Verificación Financiera'!$B$7,"CUMPLE","NO CUMPLE")) -> CUMPLE | R7: =IF(L7="","",IF(L7>='Verificación Financiera'!$B$8,"CUMPLE","NO CUMPLE")) -> CUMPLE | S7: =IF(M7="","",IF(M7>='Verificación Financiera'!$B$10,"CUMPLE","NO CUMPLE")) -> CUMPLE | T7: =IF(N7="","",IF(N7>='Verificación Financiera'!$B$11,"CUMPLE","NO CUMPLE")) -> CUMPLE | U7: HABILITADO
A8: TRANSPORTES ESPECIALES ALIADOS SAS (15%) | B8: 24275350384 | C8: 11343184387 | D8: 43967542385 | E8: 29630117354 | F8: 14337425031 | G8: 9844799112 | H8: 3067176473 | I8: =+B8-C8 -> 12932165997 | J8: =IF(OR(B8="",C8="",C8=0),"",B8/C8) -> 2.1400825 | K8: =IF(OR(D8="",E8="",D8=0),"",E8/D8) -> 0.67390888 | L8: =IF(OR(G8="",H8=""),"",IF(H8=0,IF(G8>0,999999,0),G8/H8)) -> 3.209727 | M8: =IF(OR(G8="",F8="",F8=0),"",G8/F8) -> 0.68665043 | N8: =IF(OR(G8="",D8="",D8=0),"",G8/D8) -> 0.22391061 | O8: =IF(I8="","",IF(I8>='Verificación Financiera'!$B$9,"CUMPLE","NO CUMPLE")) -> CUMPLE | P8: =IF(J8="","",IF(J8>='Verificación Financiera'!$B$6,"CUMPLE","NO CUMPLE")) -> CUMPLE | Q8: =IF(K8="","",IF(K8<='Verificación Financiera'!$B$7,"CUMPLE","NO CUMPLE")) -> NO CUMPLE | R8: =IF(L8="","",IF(L8>='Verificación Financiera'!$B$8,"CUMPLE","NO CUMPLE")) -> CUMPLE | S8: =IF(M8="","",IF(M8>='Verificación Financiera'!$B$10,"CUMPLE","NO CUMPLE")) -> CUMPLE | T8: =IF(N8="","",IF(N8>='Verificación Financiera'!$B$11,"CUMPLE","NO CUMPLE")) -> CUMPLE | U8: =IF(COUNTA(A8:H8)=0,"",IF(AND(O8="CUMPLE",P8="CUMPLE",Q8="CUMPLE",R8="CUMPLE",S8="CUMPLE",T8="CUMPLE"),"HABILITADO","NO HABILITADO")) -> NO HABILITADO
A9: TRANSPORTES MQ SAS (85%) | B9: 992574215 | C9: 404643673 | D9: 2233494663 | E9: 404643673 | F9: 1828850990 | G9: 123031616 | H9: 0 | I9: =+B9-C9 -> 587930542 | J9: =IF(OR(B9="",C9="",C9=0),"",B9/C9) -> 2.4529587 | K9: =IF(OR(D9="",E9="",D9=0),"",E9/D9) -> 0.18117065 | M9: =IF(OR(G9="",F9="",F9=0),"",G9/F9) -> 0.06727263 | N9: =IF(OR(G9="",D9="",D9=0),"",G9/D9) -> 0.055084804 | O9: =IF(I9="","",IF(I9>='Verificación Financiera'!$B$9,"CUMPLE","NO CUMPLE")) -> CUMPLE | P9: =IF(J9="","",IF(J9>='Verificación Financiera'!$B$6,"CUMPLE","NO CUMPLE")) -> CUMPLE | Q9: =IF(K9="","",IF(K9<='Verificación Financiera'!$B$7,"CUMPLE","NO CUMPLE")) -> CUMPLE | R9: =IF(L9="","",IF(L9>='Verificación Financiera'!$B$8,"CUMPLE","NO CUMPLE")) | S9: =IF(M9="","",IF(M9>='Verificación Financiera'!$B$10,"CUMPLE","NO CUMPLE")) -> CUMPLE | T9: =IF(N9="","",IF(N9>='Verificación Financiera'!$B$11,"CUMPLE","NO CUMPLE")) -> CUMPLE | U9: =IF(COUNTA(A9:H9)=0,"",IF(AND(O9="CUMPLE",P9="CUMPLE",Q9="CUMPLE",R9="CUMPLE",S9="CUMPLE",T9="CUMPLE"),"HABILITADO","NO HABILITADO")) -> NO HABILITADO
A10: UNION TEMPORAL PROTECCIÓN ANIMAL TM (TAE + MQ) | B10: =+B8*15%+B9*85% -> 4.4849906e+09 | C10: =+C8*15%+C9*85% -> 2.0454248e+09 | D10: =+D8*15%+D9*85% -> 8.4936018e+09 | E10: =+E8*15%+E9*85% -> 4.7884647e+09 | F10: =+F8*15%+F9*85% -> 3.7051371e+09 | G10: =+G8*15%+G9*85% -> 1.5812967e+09 | H10: =+H8*15%+H9*85% -> 4.6007647e+08 | I10: =+B10-C10 -> 2.4395659e+09 | J10: =IF(OR(B10="",C10="",C10=0),"",B10/C10) -> 2.192694 | K10: =IF(OR(D10="",E10="",D10=0),"",E10/D10) -> 0.56377316 | L10: =IF(OR(G10="",H10=""),"",IF(H10=0,IF(G10>0,999999,0),G10/H10)) -> 3.4370302 | M10: =IF(OR(G10="",F10="",F10=0),"",G10/F10) -> 0.42678495 | N10: =IF(OR(G10="",D10="",D10=0),"",G10/D10) -> 0.18617505 | O10: =IF(I10="","",IF(I10>='Verificación Financiera'!$B$9,"CUMPLE","NO CUMPLE")) -> CUMPLE | P10: =IF(J10="","",IF(J10>='Verificación Financiera'!$B$6,"CUMPLE","NO CUMPLE")) -> CUMPLE | Q10: =IF(K10="","",IF(K10<='Verificación Financiera'!$B$7,"CUMPLE","NO CUMPLE")) -> CUMPLE | R10: =IF(L10="","",IF(L10>='Verificación Financiera'!$B$8,"CUMPLE","NO CUMPLE")) -> CUMPLE | S10: =IF(M10="","",IF(M10>='Verificación Financiera'!$B$10,"CUMPLE","NO CUMPLE")) -> CUMPLE | T10: =IF(N10="","",IF(N10>='Verificación Financiera'!$B$11,"CUMPLE","NO CUMPLE")) -> CUMPLE | U10: =IF(COUNTA(A10:H10)=0,"",IF(AND(O10="CUMPLE",P10="CUMPLE",Q10="CUMPLE",R10="CUMPLE",S10="CUMPLE",T10="CUMPLE"),"HABILITADO","NO HABILITADO")) -> HABILITADO
I11: =IF(OR(B11="",C11=""),"",B11-C11) | J11: =IF(OR(B11="",C11="",C11=0),"",B11/C11) | K11: =IF(OR(D11="",E11="",D11=0),"",E11/D11) | L11: =IF(OR(G11="",H11=""),"",IF(H11=0,IF(G11>0,999999,0),G11/H11)) | M11: =IF(OR(G11="",F11="",F11=0),"",G11/F11) | N11: =IF(OR(G11="",D11="",D11=0),"",G11/D11) | O11: =IF(I11="","",IF(I11>='Verificación Financiera'!$B$9,"CUMPLE","NO CUMPLE")) | P11: =IF(J11="","",IF(J11>='Verificación Financiera'!$B$6,"CUMPLE","NO CUMPLE")) | Q11: =IF(K11="","",IF(K11<='Verificación Financiera'!$B$7,"CUMPLE","NO CUMPLE")) | R11: =IF(L11="","",IF(L11>='Verificación Financiera'!$B$8,"CUMPLE","NO CUMPLE")) | S11: =IF(M11="","",IF(M11>='Verificación Financiera'!$B$10,"CUMPLE","NO CUMPLE")) | T11: =IF(N11="","",IF(N11>='Verificación Financiera'!$B$11,"CUMPLE","NO CUMPLE")) | U11: =IF(COUNTA(A11:H11)=0,"",IF(AND(O11="CUMPLE",P11="CUMPLE",Q11="CUMPLE",R11="CUMPLE",S11="CUMPLE",T11="CUMPLE"),"HABILITADO","NO HABILITADO"))
I12: =IF(OR(B12="",C12=""),"",B12-C12) | J12: =IF(OR(B12="",C12="",C12=0),"",B12/C12) | K12: =IF(OR(D12="",E12="",D12=0),"",E12/D12) | L12: =IF(OR(G12="",H12=""),"",IF(H12=0,IF(G12>0,999999,0),G12/H12)) | M12: =IF(OR(G12="",F12="",F12=0),"",G12/F12) | N12: =IF(OR(G12="",D12="",D12=0),"",G12/D12) | O12: =IF(I12="","",IF(I12>='Verificación Financiera'!$B$9,"CUMPLE","NO CUMPLE")) | P12: =IF(J12="","",IF(J12>='Verificación Financiera'!$B$6,"CUMPLE","NO CUMPLE")) | Q12: =IF(K12="","",IF(K12<='Verificación Financiera'!$B$7,"CUMPLE","NO CUMPLE")) | R12: =IF(L12="","",IF(L12>='Verificación Financiera'!$B$8,"CUMPLE","NO CUMPLE")) | S12: =IF(M12="","",IF(M12>='Verificación Financiera'!$B$10,"CUMPLE","NO CUMPLE")) | T12: =IF(N12="","",IF(N12>='Verificación Financiera'!$B$11,"CUMPLE","NO CUMPLE")) | U12: =IF(COUNTA(A12:H12)=0,"",IF(AND(O12="CUMPLE",P12="CUMPLE",Q12="CUMPLE",R12="CUMPLE",S12="CUMPLE",T12="CUMPLE"),"HABILITADO","NO HABILITADO"))
J13: =IF(OR(B13="",C13="",C13=0),"",B13/C13) | K13: =IF(OR(D13="",E13="",D13=0),"",E13/D13) | L13: =IF(OR(G13="",H13=""),"",IF(H13=0,IF(G13>0,999999,0),G13/H13)) | M13: =IF(OR(G13="",F13="",F13=0),"",G13/F13) | N13: =IF(OR(G13="",D13="",D13=0),"",G13/D13) | O13: =IF(I13="","",IF(I13>='Verificación Financiera'!$B$9,"CUMPLE","NO CUMPLE")) | P13: =IF(J13="","",IF(J13>='Verificación Financiera'!$B$6,"CUMPLE","NO CUMPLE")) | Q13: =IF(K13="","",IF(K13<='Verificación Financiera'!$B$7,"CUMPLE","NO CUMPLE")) | R13: =IF(L13="","",IF(L13>='Verificación Financiera'!$B$8,"CUMPLE","NO CUMPLE")) | S13: =IF(M13="","",IF(M13>='Verificación Financiera'!$B$10,"CUMPLE","NO CUMPLE")) | T13: =IF(N13="","",IF(N13>='Verificación Financiera'!$B$11,"CUMPLE","NO CUMPLE")) | U13: =IF(COUNTA(A13:H13)=0,"",IF(AND(O13="CUMPLE",P13="CUMPLE",Q13="CUMPLE",R13="CUMPLE",S13="CUMPLE",T13="CUMPLE"),"HABILITADO","NO HABILITADO"))
I14: =IF(OR(B14="",C14=""),"",B14-C14) | J14: =IF(OR(B14="",C14="",C14=0),"",B14/C14) | K14: =IF(OR(D14="",E14="",D14=0),"",E14/D14) | L14: =IF(OR(G14="",H14=""),"",IF(H14=0,IF(G14>0,999999,0),G14/H14)) | M14: =IF(OR(G14="",F14="",F14=0),"",G14/F14) | N14: =IF(OR(G14="",D14="",D14=0),"",G14/D14) | O14: =IF(I14="","",IF(I14>='Verificación Financiera'!$B$9,"CUMPLE","NO CUMPLE")) | P14: =IF(J14="","",IF(J14>='Verificación Financiera'!$B$6,"CUMPLE","NO CUMPLE")) | Q14: =IF(K14="","",IF(K14<='Verificación Financiera'!$B$7,"CUMPLE","NO CUMPLE")) | R14: =IF(L14="","",IF(L14>='Verificación Financiera'!$B$8,"CUMPLE","NO CUMPLE")) | S14: =IF(M14="","",IF(M14>='Verificación Financiera'!$B$10,"CUMPLE","NO CUMPLE")) | T14: =IF(N14="","",IF(N14>='Verificación Financiera'!$B$11,"CUMPLE","NO CUMPLE")) | U14: =IF(COUNTA(A14:H14)=0,"",IF(AND(O14="CUMPLE",P14="CUMPLE",Q14="CUMPLE",R14="CUMPLE",S14="CUMPLE",T14="CUMPLE"),"HABILITADO","NO HABILITADO"))
I15: =IF(OR(B15="",C15=""),"",B15-C15) | J15: =IF(OR(B15="",C15="",C15=0),"",B15/C15) | K15: =IF(OR(D15="",E15="",D15=0),"",E15/D15) | L15: =IF(OR(G15="",H15=""),"",IF(H15=0,IF(G15>0,999999,0),G15/H15)) | M15: =IF(OR(G15="",F15="",F15=0),"",G15/F15) | N15: =IF(OR(G15="",D15="",D15=0),"",G15/D15) | O15: =IF(I15="","",IF(I15>='Verificación Financiera'!$B$9,"CUMPLE","NO CUMPLE")) | P15: =IF(J15="","",IF(J15>='Verificación Financiera'!$B$6,"CUMPLE","NO CUMPLE")) | Q15: =IF(K15="","",IF(K15<='Verificación Financiera'!$B$7,"CUMPLE","NO CUMPLE")) | R15: =IF(L15="","",IF(L15>='Verificación Financiera'!$B$8,"CUMPLE","NO CUMPLE")) | S15: =IF(M15="","",IF(M15>='Verificación Financiera'!$B$10,"CUMPLE","NO CUMPLE")) | T15: =IF(N15="","",IF(N15>='Verificación Financiera'!$B$11,"CUMPLE","NO CUMPLE")) | U15: =IF(COUNTA(A15:H15)=0,"",IF(AND(O15="CUMPLE",P15="CUMPLE",Q15="CUMPLE",R15="CUMPLE",S15="CUMPLE",T15="CUMPLE"),"HABILITADO","NO HABILITADO"))
I16: =IF(OR(B16="",C16=""),"",B16-C16) | J16: =IF(OR(B16="",C16="",C16=0),"",B16/C16) | K16: =IF(OR(D16="",E16="",D16=0),"",E16/D16) | L16: =IF(OR(G16="",H16=""),"",IF(H16=0,IF(G16>0,999999,0),G16/H16)) | M16: =IF(OR(G16="",F16="",F16=0),"",G16/F16) | N16: =IF(OR(G16="",D16="",D16=0),"",G16/D16) | O16: =IF(I16="","",IF(I16>='Verificación Financiera'!$B$9,"CUMPLE","NO CUMPLE")) | P16: =IF(J16="","",IF(J16>='Verificación Financiera'!$B$6,"CUMPLE","NO CUMPLE")) | Q16: =IF(K16="","",IF(K16<='Verificación Financiera'!$B$7,"CUMPLE","NO CUMPLE")) | R16: =IF(L16="","",IF(L16>='Verificación Financiera'!$B$8,"CUMPLE","NO CUMPLE")) | S16: =IF(M16="","",IF(M16>='Verificación Financiera'!$B$10,"CUMPLE","NO CUMPLE")) | T16: =IF(N16="","",IF(N16>='Verificación Financiera'!$B$11,"CUMPLE","NO CUMPLE")) | U16: =IF(COUNTA(A16:H16)=0,"",IF(AND(O16="CUMPLE",P16="CUMPLE",Q16="CUMPLE",R16="CUMPLE",S16="CUMPLE",T16="CUMPLE"),"HABILITADO","NO HABILITADO"))
I17: =IF(OR(B17="",C17=""),"",B17-C17) | J17: =IF(OR(B17="",C17="",C17=0),"",B17/C17) | K17: =IF(OR(D17="",E17="",D17=0),"",E17/D17) | L17: =IF(OR(G17="",H17=""),"",IF(H17=0,IF(G17>0,999999,0),G17/H17)) | M17: =IF(OR(G17="",F17="",F17=0),"",G17/F17) | N17: =IF(OR(G17="",D17="",D17=0),"",G17/D17) | O17: =IF(I17="","",IF(I17>='Verificación Financiera'!$B$9,"CUMPLE","NO CUMPLE")) | P17: =IF(J17="","",IF(J17>='Verificación Financiera'!$B$6,"CUMPLE","NO CUMPLE")) | Q17: =IF(K17="","",IF(K17<='Verificación Financiera'!$B$7,"CUMPLE","NO CUMPLE")) | R17: =IF(L17="","",IF(L17>='Verificación Financiera'!$B$8,"CUMPLE","NO CUMPLE")) | S17: =IF(M17="","",IF(M17>='Verificación Financiera'!$B$10,"CUMPLE","NO CUMPLE")) | T17: =IF(N17="","",IF(N17>='Verificación Financiera'!$B$11,"CUMPLE","NO CUMPLE")) | U17: =IF(COUNTA(A17:H17)=0,"",IF(AND(O17="CUMPLE",P17="CUMPLE",Q17="CUMPLE",R17="CUMPLE",S17="CUMPLE",T17="CUMPLE"),"HABILITADO","NO HABILITADO"))
I18: =IF(OR(B18="",C18=""),"",B18-C18) | J18: =IF(OR(B18="",C18="",C18=0),"",B18/C18) | K18: =IF(OR(D18="",E18="",D18=0),"",E18/D18) | L18: =IF(OR(G18="",H18=""),"",IF(H18=0,IF(G18>0,999999,0),G18/H18)) | M18: =IF(OR(G18="",F18="",F18=0),"",G18/F18) | N18: =IF(OR(G18="",D18="",D18=0),"",G18/D18) | O18: =IF(I18="","",IF(I18>='Verificación Financiera'!$B$9,"CUMPLE","NO CUMPLE")) | P18: =IF(J18="","",IF(J18>='Verificación Financiera'!$B$6,"CUMPLE","NO CUMPLE")) | Q18: =IF(K18="","",IF(K18<='Verificación Financiera'!$B$7,"CUMPLE","NO CUMPLE")) | R18: =IF(L18="","",IF(L18>='Verificación Financiera'!$B$8,"CUMPLE","NO CUMPLE")) | S18: =IF(M18="","",IF(M18>='Verificación Financiera'!$B$10,"CUMPLE","NO CUMPLE")) | T18: =IF(N18="","",IF(N18>='Verificación Financiera'!$B$11,"CUMPLE","NO CUMPLE")) | U18: =IF(COUNTA(A18:H18)=0,"",IF(AND(O18="CUMPLE",P18="CUMPLE",Q18="CUMPLE",R18="CUMPLE",S18="CUMPLE",T18="CUMPLE"),"HABILITADO","NO HABILITADO"))
I19: =IF(OR(B19="",C19=""),"",B19-C19) | J19: =IF(OR(B19="",C19="",C19=0),"",B19/C19) | K19: =IF(OR(D19="",E19="",D19=0),"",E19/D19) | L19: =IF(OR(G19="",H19=""),"",IF(H19=0,IF(G19>0,999999,0),G19/H19)) | M19: =IF(OR(G19="",F19="",F19=0),"",G19/F19) | N19: =IF(OR(G19="",D19="",D19=0),"",G19/D19) | O19: =IF(I19="","",IF(I19>='Verificación Financiera'!$B$9,"CUMPLE","NO CUMPLE")) | P19: =IF(J19="","",IF(J19>='Verificación Financiera'!$B$6,"CUMPLE","NO CUMPLE")) | Q19: =IF(K19="","",IF(K19<='Verificación Financiera'!$B$7,"CUMPLE","NO CUMPLE")) | R19: =IF(L19="","",IF(L19>='Verificación Financiera'!$B$8,"CUMPLE","NO CUMPLE")) | S19: =IF(M19="","",IF(M19>='Verificación Financiera'!$B$10,"CUMPLE","NO CUMPLE")) | T19: =IF(N19="","",IF(N19>='Verificación Financiera'!$B$11,"CUMPLE","NO CUMPLE")) | U19: =IF(COUNTA(A19:H19)=0,"",IF(AND(O19="CUMPLE",P19="CUMPLE",Q19="CUMPLE",R19="CUMPLE",S19="CUMPLE",T19="CUMPLE"),"HABILITADO","NO HABILITADO"))
I20: =IF(OR(B20="",C20=""),"",B20-C20) | J20: =IF(OR(B20="",C20="",C20=0),"",B20/C20) | K20: =IF(OR(D20="",E20="",D20=0),"",E20/D20) | L20: =IF(OR(G20="",H20=""),"",IF(H20=0,IF(G20>0,999999,0),G20/H20)) | M20: =IF(OR(G20="",F20="",F20=0),"",G20/F20) | N20: =IF(OR(G20="",D20="",D20=0),"",G20/D20) | O20: =IF(I20="","",IF(I20>='Verificación Financiera'!$B$9,"CUMPLE","NO CUMPLE")) | P20: =IF(J20="","",IF(J20>='Verificación Financiera'!$B$6,"CUMPLE","NO CUMPLE")) | Q20: =IF(K20="","",IF(K20<='Verificación Financiera'!$B$7,"CUMPLE","NO CUMPLE")) | R20: =IF(L20="","",IF(L20>='Verificación Financiera'!$B$8,"CUMPLE","NO CUMPLE")) | S20: =IF(M20="","",IF(M20>='Verificación Financiera'!$B$10,"CUMPLE","NO CUMPLE")) | T20: =IF(N20="","",IF(N20>='Verificación Financiera'!$B$11,"CUMPLE","NO CUMPLE")) | U20: =IF(COUNTA(A20:H20)=0,"",IF(AND(O20="CUMPLE",P20="CUMPLE",Q20="CUMPLE",R20="CUMPLE",S20="CUMPLE",T20="CUMPLE"),"HABILITADO","NO HABILITADO"))
I21: =IF(OR(B21="",C21=""),"",B21-C21) | J21: =IF(OR(B21="",C21="",C21=0),"",B21/C21) | K21: =IF(OR(D21="",E21="",D21=0),"",E21/D21) | L21: =IF(OR(G21="",H21=""),"",IF(H21=0,IF(G21>0,999999,0),G21/H21)) | M21: =IF(OR(G21="",F21="",F21=0),"",G21/F21) | N21: =IF(OR(G21="",D21="",D21=0),"",G21/D21) | O21: =IF(I21="","",IF(I21>='Verificación Financiera'!$B$9,"CUMPLE","NO CUMPLE")) | P21: =IF(J21="","",IF(J21>='Verificación Financiera'!$B$6,"CUMPLE","NO CUMPLE")) | Q21: =IF(K21="","",IF(K21<='Verificación Financiera'!$B$7,"CUMPLE","NO CUMPLE")) | R21: =IF(L21="","",IF(L21>='Verificación Financiera'!$B$8,"CUMPLE","NO CUMPLE")) | S21: =IF(M21="","",IF(M21>='Verificación Financiera'!$B$10,"CUMPLE","NO CUMPLE")) | T21: =IF(N21="","",IF(N21>='Verificación Financiera'!$B$11,"CUMPLE","NO CUMPLE")) | U21: =IF(COUNTA(A21:H21)=0,"",IF(AND(O21="CUMPLE",P21="CUMPLE",Q21="CUMPLE",R21="CUMPLE",S21="CUMPLE",T21="CUMPLE"),"HABILITADO","NO HABILITADO"))
I22: =IF(OR(B22="",C22=""),"",B22-C22) | J22: =IF(OR(B22="",C22="",C22=0),"",B22/C22) | K22: =IF(OR(D22="",E22="",D22=0),"",E22/D22) | L22: =IF(OR(G22="",H22=""),"",IF(H22=0,IF(G22>0,999999,0),G22/H22)) | M22: =IF(OR(G22="",F22="",F22=0),"",G22/F22) | N22: =IF(OR(G22="",D22="",D22=0),"",G22/D22) | O22: =IF(I22="","",IF(I22>='Verificación Financiera'!$B$9,"CUMPLE","NO CUMPLE")) | P22: =IF(J22="","",IF(J22>='Verificación Financiera'!$B$6,"CUMPLE","NO CUMPLE")) | Q22: =IF(K22="","",IF(K22<='Verificación Financiera'!$B$7,"CUMPLE","NO CUMPLE")) | R22: =IF(L22="","",IF(L22>='Verificación Financiera'!$B$8,"CUMPLE","NO CUMPLE")) | S22: =IF(M22="","",IF(M22>='Verificación Financiera'!$B$10,"CUMPLE","NO CUMPLE")) | T22: =IF(N22="","",IF(N22>='Verificación Financiera'!$B$11,"CUMPLE","NO CUMPLE")) | U22: =IF(COUNTA(A22:H22)=0,"",IF(AND(O22="CUMPLE",P22="CUMPLE",Q22="CUMPLE",R22="CUMPLE",S22="CUMPLE",T22="CUMPLE"),"HABILITADO","NO HABILITADO"))
I23: =IF(OR(B23="",C23=""),"",B23-C23) | J23: =IF(OR(B23="",C23="",C23=0),"",B23/C23) | K23: =IF(OR(D23="",E23="",D23=0),"",E23/D23) | L23: =IF(OR(G23="",H23=""),"",IF(H23=0,IF(G23>0,999999,0),G23/H23)) | M23: =IF(OR(G23="",F23="",F23=0),"",G23/F23) | N23: =IF(OR(G23="",D23="",D23=0),"",G23/D23) | O23: =IF(I23="","",IF(I23>='Verificación Financiera'!$B$9,"CUMPLE","NO CUMPLE")) | P23: =IF(J23="","",IF(J23>='Verificación Financiera'!$B$6,"CUMPLE","NO CUMPLE")) | Q23: =IF(K23="","",IF(K23<='Verificación Financiera'!$B$7,"CUMPLE","NO CUMPLE")) | R23: =IF(L23="","",IF(L23>='Verificación Financiera'!$B$8,"CUMPLE","NO CUMPLE")) | S23: =IF(M23="","",IF(M23>='Verificación Financiera'!$B$10,"CUMPLE","NO CUMPLE")) | T23: =IF(N23="","",IF(N23>='Verificación Financiera'!$B$11,"CUMPLE","NO CUMPLE")) | U23: =IF(COUNTA(A23:H23)=0,"",IF(AND(O23="CUMPLE",P23="CUMPLE",Q23="CUMPLE",R23="CUMPLE",S23="CUMPLE",T23="CUMPLE"),"HABILITADO","NO HABILITADO"))
I24: =IF(OR(B24="",C24=""),"",B24-C24) | J24: =IF(OR(B24="",C24="",C24=0),"",B24/C24) | K24: =IF(OR(D24="",E24="",D24=0),"",E24/D24) | L24: =IF(OR(G24="",H24=""),"",IF(H24=0,IF(G24>0,999999,0),G24/H24)) | M24: =IF(OR(G24="",F24="",F24=0),"",G24/F24) | N24: =IF(OR(G24="",D24="",D24=0),"",G24/D24) | O24: =IF(I24="","",IF(I24>='Verificación Financiera'!$B$9,"CUMPLE","NO CUMPLE")) | P24: =IF(J24="","",IF(J24>='Verificación Financiera'!$B$6,"CUMPLE","NO CUMPLE")) | Q24: =IF(K24="","",IF(K24<='Verificación Financiera'!$B$7,"CUMPLE","NO CUMPLE")) | R24: =IF(L24="","",IF(L24>='Verificación Financiera'!$B$8,"CUMPLE","NO CUMPLE")) | S24: =IF(M24="","",IF(M24>='Verificación Financiera'!$B$10,"CUMPLE","NO CUMPLE")) | T24: =IF(N24="","",IF(N24>='Verificación Financiera'!$B$11,"CUMPLE","NO CUMPLE")) | U24: =IF(COUNTA(A24:H24)=0,"",IF(AND(O24="CUMPLE",P24="CUMPLE",Q24="CUMPLE",R24="CUMPLE",S24="CUMPLE",T24="CUMPLE"),"HABILITADO","NO HABILITADO"))
I25: =IF(OR(B25="",C25=""),"",B25-C25) | J25: =IF(OR(B25="",C25="",C25=0),"",B25/C25) | K25: =IF(OR(D25="",E25="",D25=0),"",E25/D25) | L25: =IF(OR(G25="",H25=""),"",IF(H25=0,IF(G25>0,999999,0),G25/H25)) | M25: =IF(OR(G25="",F25="",F25=0),"",G25/F25) | N25: =IF(OR(G25="",D25="",D25=0),"",G25/D25) | O25: =IF(I25="","",IF(I25>='Verificación Financiera'!$B$9,"CUMPLE","NO CUMPLE")) | P25: =IF(J25="","",IF(J25>='Verificación Financiera'!$B$6,"CUMPLE","NO CUMPLE")) | Q25: =IF(K25="","",IF(K25<='Verificación Financiera'!$B$7,"CUMPLE","NO CUMPLE")) | R25: =IF(L25="","",IF(L25>='Verificación Financiera'!$B$8,"CUMPLE","NO CUMPLE")) | S25: =IF(M25="","",IF(M25>='Verificación Financiera'!$B$10,"CUMPLE","NO CUMPLE")) | T25: =IF(N25="","",IF(N25>='Verificación Financiera'!$B$11,"CUMPLE","NO CUMPLE")) | U25: =IF(COUNTA(A25:H25)=0,"",IF(AND(O25="CUMPLE",P25="CUMPLE",Q25="CUMPLE",R25="CUMPLE",S25="CUMPLE",T25="CUMPLE"),"HABILITADO","NO HABILITADO"))
... I100: =IF(OR(B100="",C100=""),"",B100-C100) | J100: =IF(OR(B100="",C100="",C100=0),"",B100/C100) | K100: =IF(OR(D100="",E100="",D100=0),"",E100/D100) | L100: =IF(OR(G100="",H100=""),"",IF(H100=0,IF(G100>0,999999,0),G100/H100)) | M100: =IF(OR(G100="",F100="",F100=0),"",G100/F100) | N100: =IF(OR(G100="",D100="",D100=0),"",G100/D100) | O100: =IF(I100="","",IF(I100>='Verificación Financiera'!$B$9,"CUMPLE","NO CUMPLE")) | P100: =IF(J100="","",IF(J100>='Verificación Financiera'!$B$6,"CUMPLE","NO CUMPLE")) | Q100: =IF(K100="","",IF(K100<='Verificación Financiera'!$B$7,"CUMPLE","NO CUMPLE")) | R100: =IF(L100="","",IF(L100>='Verificación Financiera'!$B$8,"CUMPLE","NO CUMPLE")) | S100: =IF(M100="","",IF(M100>='Verificación Financiera'!$B$10,"CUMPLE","NO CUMPLE")) | T100: =IF(N100="","",IF(N100>='Verificación Financiera'!$B$11,"CUMPLE","NO CUMPLE")) | U100: =IF(COUNTA(A100:H100)=0,"",IF(AND(O100="CUMPLE",P100="CUMPLE",Q100="CUMPLE",R100="CUMPLE",S100="CUMPLE",T100="CUMPLE"),"HABILITADO","NO HABILITADO"))
A103: Notas de uso
A104: 1. Diligencie únicamente las columnas A:H.
A105: 2. Ajuste los umbrales en la hoja 'Parámetros' conforme al estudio del sector / EP.
A106: 3. Si no va a exigir Rentabilidad del Patrimonio o del Activo, deje el umbral en 0,0%.
A107: 4. La Razón de Cobertura de Intereses asigna un valor alto si los gastos de intereses son 0 y la utilidad operacional es positiva.
